 Dungeon Crawl Stone Soup version 0.22-a0-283-g1871b15 (webtiles) character file.

43 reaverb the Firebug (level 3, -3/26 HPs)
             Began as a Hill Orc Fire Elementalist on Mar 8, 2018.
             Slain by Natasha (7 damage)
             ... on level 2 of the Dungeon on Mar 19, 2018.
             The game lasted 00:05:29 (2474 turns).

reaverb the Firebug (Hill Orc Fire Elementalist)    Turns: 2474, Time: 00:05:29

Health: -3/26      AC:  2    Str: 10    XL:     3   Next: 58%
Magic:  0/5        EV: 12    Int: 16    God:
Gold:   51         SH:  0    Dex: 11    Spells: 2/5 levels left

rFire    . . .     SeeInvis .   g - +0 dagger
rCold    . . .     Gourm    .   (no shield)
rNeg     . . .     Faith    .   a - +0 robe
rPois    .         Spirit   .   (no helmet)
rElec    .         Reflect  .   (no cloak)
rCorr    .         Harm     .   (no gloves)
MR       .....                  (no boots)
Stlth    ++........             (no amulet)
HPRegen  0.08/turn              (no ring)
MPRegen  0.09/turn              (no ring)

@: very slightly contaminated, slowed, very slow
A: no striking features
a: no special abilities


You were on level 2 of the Dungeon.
You were not hungry.

You visited 1 branch of the dungeon, and saw 2 of its levels.

You collected 51 gold pieces.

Notes
Turn   | Place    | Note
-------+----------+-------------------------------------------
     0 | D:1      | reaverb the Hill Orc Fire Elementalist began the quest for the Orb.
     0 | D:1      | Reached XP level 1. HP: 14/14 MP: 3/3
    29 | D:1      | Huge Dmg: 3 Dmg
   185 | D:1      | Huge Dmg: 3 Dmg
   186 | D:1      | Huge Dmg: 4 Dmg
   187 | D:1      | Huge Dmg: 2 Dmg
   203 | D:1      | Huge Dmg: 1 Dmg
   215 | D:1      | HP: 1/14 [bat (1)]
   216 | D:1      | Huge Dmg: 1 Dmg
   334 | D:1      | Huge Dmg: 1 Dmg
   736 | D:1      | Reached XP level 2. HP: 20/20 MP: 0/4
   812 | D:1      | Upgraded the game from 0.22-a0-266-g5fdf0d7 to 0.22-a0-283-g1871b15
   908 | D:1      | Learned a level 2 spell: Throw Flame
  1373 | D:1      | Reached XP level 3. HP: 26/26 MP: 2/5
  1883 | D:2      | Huge Dmg: 6 Dmg
  2453 | D:2      | Noticed Natasha
  2473 | D:2      | Huge Dmg: 10 Dmg
  2474 | D:2      | Slain by Natasha

Inventory:

Hand Weapons
 c - a +0 hunting sling
 g - a +0 dagger (weapon)
Missiles
 i - 35 sling bullets
Armour
 a - a +0 robe (worn)
Scrolls
 d - a scroll of immolation {unknown}
 h - a scroll of fear {unknown}
Potions
 b - a potion of berserk rage {unknown}
 e - a potion of curing
 f - a potion of brilliance {unknown}
Comestibles
 j - 2 chunks of flesh

Table legend:
 A = Turns spent in this place as a percentage of turns spent in the entire game.
 B = Non-inter-level travel turns spent in this place as a percentage of non-inter-level travel turns spent in the entire game.
 C = Inter-level travel turns spent in this place as a percentage of turns spent in this place.
 D = Turns resting spent in this place as a percentage of non-inter-level travel turns spent in this place.
 E = Turns spent auto-exploring this place as a percentage of non-inter-level travel turns spent in this place.
 F = Non-inter-level travel turns spent in this place divided by the number of levels of this place that you've seen.
                   A       B       C       D       E      F
               +-------+-------+-------+-------+-------+----------------------
         Total | 100.0 | 100.0 |   3.2 |  51.5 |  25.6 | 1198.0
       Dungeon | 100.0 | 100.0 |   3.2 |  51.5 |  25.6 | 1198.0
               +-------+-------+-------+-------+-------+----------------------


   Skills:
 - Level 1.5 Dodging
 - Level 1.5 Stealth
 - Level 1.5 Spellcasting
 + Level 3.2 Conjurations
 + Level 3.5 Fire Magic


You had 2 spell levels left.
You knew the following spells:

 Your Spells              Type           Power        Failure   Level  Hunger
a - Flame Tongue          Conj/Fire      ##...        5%          1    ##.....
b - Throw Flame           Conj/Fire      ##....       9%          2    ###....


Dungeon Overview and Level Annotations

Branches:
Dungeon (2/15)

Altars:

Annotations:
D:2 Natasha


Message History

You now have 51 gold pieces (gained 12).
j - 2 chunks of flesh You see here an adder skeleton.
i - 13 sling bullets (gained 1)
i - 14 sling bullets (gained 1)
You start resting.
Magic restored.
HP restored.
You see here an adder skeleton.
i - 35 sling bullets (gained 21)
Found a lead wand.
Natasha, Servant of Life and Death comes into view.
Natasha hisses angrily.
Casting: Flame Tongue (safe; 5% risk of failure)
Confirm with . or Enter, or press ? or * to list all spells.
Aiming: Throw Flame (safe; 9% risk of failure)
Press: ? - help, Shift-Dir - straight line, f - Natasha
Aim: Natasha The puff of flame hits Natasha.
Natasha is moderately wounded.
Casting: Throw Flame (safe; 9% risk of failure)
Confirm with . or Enter, or press ? or * to list all spells.
Aiming: Throw Flame (safe; 9% risk of failure)
Press: ? - help, Shift-Dir - straight line, f/p - Natasha
Aim: Natasha (moderately wounded)
You miscast Throw Flame.
You are very lightly contaminated with residual magic.
Wisps of smoke drift from your hands.
Natasha howls an incantation.
You feel disoriented. Natasha closely misses you.
Casting: Throw Flame (safe; 9% risk of failure)
Confirm with . or Enter, or press ? or * to list all spells.
Aiming: Flame Tongue (safe; 5% risk of failure)
Press: ? - help, Shift-Dir - straight line, f/p - Natasha
Aim: Natasha (moderately wounded)
The flame tongue hits Natasha.
Natasha is almost dead.
Natasha closely misses you.
You closely miss Natasha.
Natasha is almost dead.
Natasha casts a spell at you. The magic dart hits you!
Damage: -7%(-2hp) hp: 93%(24hp)
You closely miss Natasha.
Natasha is almost dead.
Natasha drinks a potion.
Natasha is healed!
You hit Natasha.
Natasha is severely wounded.
Natasha completely misses you.
You hit Natasha but do no damage.
Natasha is severely wounded.
Natasha claws you but does no damage.
You barely miss Natasha.
Natasha is severely wounded.
Natasha closely misses you.
You hit Natasha.
Natasha is severely wounded.
Natasha misses you.
You barely miss Natasha.
Natasha is severely wounded.
Natasha claws you.
Damage: -12%(-3hp) hp: 81%(21hp)
You hit Natasha.
Natasha is almost dead.
Natasha stares at you and mumbles some strange words.
You resist with significant effort.
You closely miss Natasha.
Natasha is almost dead.
Natasha casts a spell at you.
You feel yourself slow down.
Unknown command.
Casting: Flame Tongue (safe; 5% risk of failure)
Confirm with . or Enter, or press ? or * to list all spells.
Aiming: Flame Tongue (safe; 5% risk of failure)
Press: ? - help, Shift-Dir - straight line, f/p - Natasha
Aim: Natasha (almost dead)
The flame tongue misses Natasha.
The goblin shouts!
Natasha mumbles some strange words.
You hit Natasha but do no damage.
Natasha is almost dead.
Natasha casts a spell at you. The magic dart hits you!
The shadow imp closely misses you. Natasha claws you.
* * * LOW HITPOINT WARNING * * *
Huge Dmg: -38%(-10hp) hp: 47%(12hp)
You closely miss Natasha.
Natasha is almost dead.
The shadow imp puffs mist at you. The shadow imp hits you.
* * * LOW HITPOINT WARNING * * *
Natasha barely misses you. The shadow imp misses you.
Damage: -8%(-2hp) hp: 39%(10hp) Unknown command.
You hit Natasha but do no damage.
Natasha is almost dead.
Natasha claws you.
* * * LOW HITPOINT WARNING * * *
The shadow imp barely misses you. Natasha claws you!
You die...

....#.# .. .....#
... #...# ...
#...# ..
#...##.#.##
######...../...#
#......g.##'##..#
#####.....5h## ≈#
...........@## ≈#
...........## §#
...........# #
....(.....##
......###.# ##
...... #÷# #.## #
...... #.###..#
.# ....
##..##..## ..#
#....##..#..##..


You could see Natasha, a shadow imp and a goblin.

Table legend:
 A = Kills in this place as a percentage of kills in entire the game.
 B = Kills by you in this place as a percentage of kills by you in the entire game.
 C = Kills by friends in this place as a percentage of kills by friends in the entire game.
 D = Other kills in this place as a percentage of other kills in the entire game.
 E = Experience gained in this place as a percentage of experience gained in the entire game.
 F = Experience gained in this place divided by the number of levels of this place that you have seen.
                   A       B       C       D       E      F
               +-------+-------+-------+-------+-------+----------------------
         Total | 100.0 | 100.0 |   N/A |   N/A | 100.0 |  31.0
       Dungeon | 100.0 | 100.0 |   N/A |   N/A | 100.0 |  31.0
               +-------+-------+-------+-------+-------+----------------------

Vanquished Creatures
  An adder (D:2)
  A leopard gecko (D:2)
  2 ball pythons
  3 giant cockroaches
  7 hobgoblins (D:1)
  3 kobolds
  6 bats (D:1)
  3 frilled lizards
  4 goblins
  A rat (D:1)
31 creatures vanquished.

Action                   || total
-------------------------++-------
Melee: Unarmed           ||    45
       Dagger            ||    18
 Cast: Flame Tongue      ||    33
       Throw Flame       ||    12
 Stab: Sleeping          ||     1
  Eat: Chunk             ||     4
       Ration            ||     1
Armor: Robe              ||    16
Dodge: Dodged            ||    78
